 Dungeon Crawl Stone Soup version 0.31-a0-239-g0a1456f148 (webtiles) character file.

Game seed: 6753228357512026776

142 qw the Shooter (level 5, -3/42 HPs)
             Began as a Minotaur Hexslinger on July 11, 2023.
             Slain by a gnoll
             ... wielding a +0 flail
              (6 damage)
             ... on level 2 of the Dungeon.
             The game lasted 00:01:00 (2505 turns).

qw the Shooter (Minotaur Hexslinger)                Turns: 2505, Time: 00:01:00

Health: -3/42      AC:  5    Str: 13    XL:     5   Next: 3%
Magic:  5/5        EV: 11    Int: 10    God:
Gold:   132        SH:  0    Dex: 14    Spells: 5/6 levels left

rFire   . . .        Y - +1 sling
rCold   . . .        (no shield)
rNeg    . . .        k - +0 ring mail
rPois   .            (helmet restricted)
rElec   .            (no cloak)
rCorr   .            (no gloves)
SInv    .            (no boots)
Will    .....        l - amulet of the acrobat
Stlth   +            (no ring)
HPRegen 0.27/turn    (no ring)
MPRegen 0.09/turn

%: acrobat
@: no status effects
A: horns 2, retaliatory headbutt
a: no special abilities


You were on level 2 of the Dungeon.
You visited 1 branch of the dungeon, and saw 3 of its levels.

You collected 132 gold pieces.


Innate Abilities, Weirdness & Mutations

You have a pair of horns on your head.
You reflexively headbutt those who attack you in melee.


   Skills:
 + Level 2.7 Fighting
 - Level 5.1 Ranged Weapons
 - Level 1.2 Armour
 - Level 2.1 Dodging
 - Level 1.0 Spellcasting
 - Level 2.0 Hexes


You had 5 spell levels left.
You knew the following spells:

 Your Spells              Type           Power      Damage    Failure   Level
a - Slow                  Hex            16%        N/A       32%         1

Your spell library contained the following spells:

 Spells                   Type           Power      Damage    Failure   Level
 Inner Flame              Hex/Fire       2%         N/A       82%         3
 Portal Projectile        Hex/Tloc       4%         N/A       82%         3
 Cause Fear               Hex            2%         N/A       97%         4

Inventory:

Hand Weapons
 Y - a +1 sling (weapon)
Armour
 k - a +0 ring mail (worn)
Jewellery
 l - an amulet of the acrobat (around neck)
Wands
 j - a wand of digging (4)
Scrolls
 a - a scroll of identify
Potions
 b - a potion of enlightenment
 c - a potion of magic {unknown}
 d - a potion of curing {unknown}
 f - a potion of resistance
 h - a potion of attraction {unknown}
 i - a potion of cancellation {unknown}
 n - a potion of degeneration {unknown}
 p - a potion of mutation {unknown}

Dungeon Overview and Level Annotations

Branches:
Dungeon (3/15)

Altars:


Message History

What level of the Dungeon? (default 1, ? - help)
You climb downwards.
The gnoll closely misses you. The orc misses you.
There is a stone staircase leading up here.
There are monsters nearby!
You shoot a sling bullet. The sling bullet hits the gnoll.
The gnoll is moderately wounded.
The orc hits you with a +0 club. The gnoll hits you with a +0 flail!
The orc hits you with a +0 club. The gnoll barely misses you.
2497 ||| STAIRDANCE The gnoll hits you with a +0 flail!
The orc closely misses you. You furiously retaliate!
You headbutt the orc, but do no damage.
You climb upwards.
There is a stone staircase leading down here.
You shoot a sling bullet.
The sling bullet closely misses the gnoll.
The orc closely misses you. The gnoll hits you but does no damage.
You shoot a sling bullet.
The sling bullet barely misses the gnoll.
The orc barely misses you. The gnoll hits you with a +0 flail.
You shoot a sling bullet.
The sling bullet hits the gnoll but does no damage.
The gnoll is lightly wounded.
The orc hits you but does no damage. The gnoll closely misses you.
You furiously retaliate!
You headbutt the gnoll. You shoot a sling bullet.
The sling bullet closely misses the gnoll.
The orc closely misses you. You furiously retaliate!
You headbutt the orc. The gnoll closely misses you.
The orc hits you but does no damage. The gnoll hits you with a +0 flail.
You shoot a sling bullet. The sling bullet hits the orc.
You kill the orc!
The gnoll hits you with a +0 flail!
You shoot a sling bullet. The sling bullet hits the gnoll.
The gnoll is heavily wounded.
The gnoll hits you with a +0 flail.
You shoot a sling bullet.
The sling bullet hits the gnoll but does no damage.
The gnoll is heavily wounded.
The gnoll hits you with a +0 flail.
You die...

#### #... ## ###############.##
.# #......##.....#.# .# ######
#.............#.# .# #....#
#.............#.## ># #.##.#
#.............#.#. .# #.##.#
#g..............#. .# #.##.#
#@)..........####. .# #.##.#
#........[...'.... #### #.##>#
######.....[.##### ...# #.##.#
#............ ##.#
#.##.############'######## #.#
#..........%......#.....##
#.######...##############.###.#.
#..........##############.# #.#.
##..######..##.............###...


You could see a gnoll.

Vanquished Creatures
  3 gnolls (D:3)
  4 adders
  A worm (D:2)
  A dart slug (D:1)
  2 orcs
  8 bats
  7 endoplasms
  2 giant cockroaches
  A hobgoblin (D:2)
  12 jackals
  A kobold (D:2)
  2 quokkas (D:1)
  6 ball pythons
  5 frilled lizards
  6 goblins
  3 rats
64 creatures vanquished.

Notes
Turn   | Place    | Note
-------+----------+-------------------------------------------
     0 | D:1      | qw the Minotaur Hexslinger began the quest for the Orb.
     0 | D:1      | Reached XP level 1. HP: 16/16 MP: 1/1
     0 | D:1      | 0 ||| qw: Version: 0.3-a-52-g30416fa
     0 | D:1      | 0 ||| qw: Game counter: 5915
     0 | D:1      | 0 ||| qw: Melee chars always use a shield: true
     0 | D:1      | 0 ||| qw: God list: Okawaru
     0 | D:1      | 0 ||| qw: Allow faded altars: false
     0 | D:1      | 0 ||| qw: Do Orc after clearing Dungeon:15 true
     0 | D:1      | 0 ||| qw: Do second Lair branch before Depths: true
     0 | D:1      | 0 ||| qw: Lair rune preference: random
     0 | D:1      | 0 ||| qw: Goals: Normal
     0 | D:1      | 0 ||| PLANNING D:1-11
   128 | D:1      | 128 ||| FLEEEEING.
   129 | D:1      | 129 ||| FLEEEEING.
   131 | D:1      | 131 ||| FLEEEEING.
   154 | D:1      | Reached skill level 3 in Ranged Weapons
   154 | D:1      | Reached XP level 2. HP: 23/23 MP: 2/2
   511 | D:1      | Found a faded altar of an unknown god.
   523 | D:1      | Reached XP level 3. HP: 29/29 MP: 3/3
   923 | D:1      | 923 ||| UPGRADING to +0 ring mail.
   933 | D:1      | 933 ||| DROPPING +0 robe.
   934 | D:1      | 934 ||| UPGRADING to amulet of the acrobat.
   939 | D:1      | 939 ||| READING 2 scrolls labelled YPHUTO KOHEKKO.
   940 | D:1      | 940 ||| READING 2 scrolls labelled FOSMO CEYW.
   945 | D:1      | 945 ||| DRINKING 2 bubbling black potions.
  1050 | D:1      | 1050 ||| DRINKING 2 black potions.
  1051 | D:1      | 1051 ||| DROPPING scroll of poison.
  1052 | D:1      | 1052 ||| DROPPING potion of berserk rage.
  1313 | D:2      | Reached skill level 4 in Ranged Weapons
  1357 | D:2      | Reached skill level 1 in Armour
  1530 | D:2      | Reached XP level 4. HP: 31/36 MP: 4/4
  2010 | D:2      | 2010 ||| DROPPING amulet of guardian spirit.
  2011 | D:2      | 2011 ||| DROPPING ring of magical power.
  2012 | D:2      | 2012 ||| READING scroll labelled LAODUIRYVI.
  2013 | D:2      | 2013 ||| DRINKING 2 smoky red potions.
  2014 | D:2      | 2014 ||| DRINKING 2 murky grey potions.
  2015 | D:2      | 2015 ||| DROPPING potion of brilliance.
  2145 | D:3      | Reached skill level 5 in Ranged Weapons
  2146 | D:3      | 2146 ||| Stepping ~*~*~tactically~*~*~ (outnumbered).
  2151 | D:3      | HP: 8/36 [gnoll/+0 spear (3)]
  2152 | D:3      | 2152 ||| READING scroll of teleportation.
  2155 | D:3      | 2155 ||| FLEEEEING.
  2156 | D:3      | 2156 ||| FLEEEEING.
  2157 | D:3      | 2157 ||| FLEEEEING.
  2158 | D:3      | 2158 ||| FLEEEEING.
  2159 | D:3      | 2159 ||| FLEEEEING.
  2160 | D:3      | 2160 ||| STAIRDANCE
  2368 | D:3      | 2368 ||| Stepping ~*~*~tactically~*~*~ (outnumbered).
  2379 | D:3      | HP: 9/37 [gnoll/+0 spear (6)]
  2382 | D:3      | Reached XP level 5. HP: 11/42 MP: 5/5
  2382 | D:3      | 2382 ||| FLEEEEING.
  2383 | D:3      | 2383 ||| FLEEEEING.
  2384 | D:3      | 2384 ||| FLEEEEING.
  2385 | D:3      | 2385 ||| FLEEEEING.
  2386 | D:3      | 2386 ||| FLEEEEING.
  2387 | D:3      | 2387 ||| FLEEEEING.
  2388 | D:3      | 2388 ||| FLEEEEING.
  2389 | D:3      | 2389 ||| FLEEEEING.
  2390 | D:3      | 2390 ||| FLEEEEING.
  2391 | D:3      | 2391 ||| FLEEEEING.
  2392 | D:3      | 2392 ||| FLEEEEING.
  2393 | D:3      | 2393 ||| FLEEEEING.
  2394 | D:3      | 2394 ||| FLEEEEING.
  2395 | D:3      | 2395 ||| FLEEEEING.
  2396 | D:3      | 2396 ||| FLEEEEING.
  2397 | D:3      | 2397 ||| FLEEEEING.
  2398 | D:3      | 2398 ||| FLEEEEING.
  2399 | D:3      | 2399 ||| FLEEEEING.
  2400 | D:3      | 2400 ||| FLEEEEING.
  2401 | D:3      | 2401 ||| FLEEEEING.
  2402 | D:3      | 2402 ||| FLEEEEING.
  2403 | D:3      | 2403 ||| FLEEEEING.
  2404 | D:3      | 2404 ||| STAIRDANCE
  2497 | D:3      | 2497 ||| STAIRDANCE
  2503 | D:2      | HP: 5/42 [gnoll/+0 flail (11)]
  2504 | D:2      | HP: 2/42 [gnoll/+0 flail (3)]
  2505 | D:2      | Slain by a gnoll

Levels and vault maps discovered:
D:1:      dpeg_arrival_rooms_b, layout_basic,
          hellmonk_ecumenical_altar_lost_god, serial_bayou_lake_a
D:2:      layout_basic
D:3:      layout_basic

Skill      XL: |  1  2  3  4 |
---------------+-------------+-----
Ranged Weapons | 3 4 5 |  5.1
Fighting       | 2 |  2.7
Armour         | 1 |  1.2
Dodging        | |  2.1
Spellcasting   | |  1.0
Hexes          | |  2.0

Action                     |  1- 3 |  4- 6 || total
---------------------------+-------+-------++-------
   Fire: Sling             |   113 |    85 ||   198
    Use: Scroll            |     2 |     2 ||     4
         Potion            |     2 |     2 ||     4
 Armour: Robe              |     2 |       ||     2
         Ring mail         |    17 |    12 ||    29
  Dodge: Dodged            |    44 |    45 ||    89

Table legend:
 A = Non-vault XP
 B = Vault XP
 C = Vault XP percentage of total XP
 D = Non-vault monster count
 E = Vault monster count
 F = Vault count percentage of total count
                 A         B        C        D         E       F
            +---------+---------+-------+---------+---------+-------
      Total |     203 |       0 |   0.0 |      64 |       0 |   0.0
            +---------+---------+-------+---------+---------+-------
        D:1 |      45 |       0 |   0.0 |      25 |       0 |   0.0
        D:2 |      75 |       0 |   0.0 |      27 |       0 |   0.0
        D:3 |      83 |       0 |   0.0 |      12 |       0 |   0.0
            +---------+---------+-------+---------+---------+-------
